 Dungeon Crawl Stone Soup version 0.17-a0-1534-gf98da79 (webtiles) character file.

82 sscrono2 the Sneak (level 4, -1/29 HPs)
             Began as an Octopode Assassin on July 17, 2015.
             Slain by an orc
             ... wielding a +0 trident
              (5 damage)
             ... on level 3 of the Dungeon.
             The game lasted 00:03:32 (2496 turns).

sscrono2 the Sneak (Octopode Assassin)              Turns: 2496, Time: 00:03:32

Health: -1/29      AC:  1    Str: 10    XL:     4   Next: 43%
Magic:  4/4        EV: 12    Int: 13    God:
Gold:   86         SH:  0    Dex: 14    Spells: 0 memorised, 4 levels left

rFire  . . .     SeeInvis .     a - +2 dagger
rCold  . . .     Clarity  .     (no shield)
rNeg   . . .     SustAt   .     (helmet restricted)
rPois  .         Gourm    .     (no amulet)
rElec  .         Spirit   .     l - ring of stealth
rCorr  .         Warding  .     j - ring of flight
rMut   .         Stasis   .     (no ring)
MR     .....                    (no ring)
Stlth  ++++++....               (no ring)
                                (no ring)
                                (no ring)
                                (no ring)

@: lethally poisoned (-1 -> -3), not resistant to hostile enchantments, very
stealthy
A: almost no armour, amphibious, 8 rings, constrict 8, camouflage 1, gelatinous
body 1
a: Evoke Flight


You were on level 3 of the Dungeon.
You were full.

You visited 1 branch of the dungeon, and saw 3 of its levels.

You collected 86 gold pieces.

Inventory:

Hand weapons
 a - a +2 dagger (weapon)
 b - a +0 blowgun
Missiles
 c - 8 poisoned needles
 d - 2 curare-tipped needles
Jewellery
 j - a ring of flight (right tentacle)
 l - a ring of stealth (left tentacle)
Scrolls
 e - a scroll of fear {unknown}
 f - a scroll of remove curse
 g - a scroll of blinking {unknown}
 h - a scroll of recharging {unknown}
 k - 2 scrolls of amnesia
 o - 2 scrolls of teleportation {unknown}
Potions
 i - 3 potions of curing
 m - 3 potions of magic
 n - a potion of mutation {unknown}
Comestibles
 p - a royal jelly


   Skills:
 + Level 2.2 Fighting
 * Level 2.5 Short Blades
 * Level 2.4 Throwing
 + Level 1.4 Dodging
 + Level 6.7 Stealth
 * Level 0.5 Spellcasting


You had 4 spell levels left.
You didn't know any spells.

Dungeon Overview and Level Annotations

Branches:
Dungeon (3/15)

Altars:
Okawaru


Innate Abilities, Weirdness & Mutations

You cannot wear most types of armour.
You are amphibious.
You can wear up to eight rings at the same time.
You can use your tentacles to constrict eight enemies at once.
Your skin changes colour to match your surroundings (Stealth).
Your rubbery body absorbs attacks (AC +1).


Message History

You constrict the adder.
You feel sick. The adder bites you.
You hit the adder but do no damage. You squeeze the adder.
The adder is heavily wounded.
You constrict the adder. The orc misses you.
The adder bites you but does no damage.
You hit the adder. You squeeze the adder.
You kill the adder!
The orc barely misses you.
You feel sick. The orc closely misses you.
You closely miss the orc. Your grab misses the orc.
The orc hits you with a trident!
* * * LOW HITPOINT WARNING * * *
You barely miss the orc. You grab the orc. You constrict the orc.
You hit the orc.
The orc is moderately wounded.
You constrict the orc. The orc completely misses you.
You hit the orc but do no damage. You squeeze the orc.
The orc is heavily wounded.
You constrict the orc. The orc hits you with a trident.
You die...

.# ### .# #.# .# #.#
#.## ### ###..# ..=
#...# #.###..#### ..
#........†# ##
....###.#.###@#...
........#.....o......
....###.#..##.#......
.. #.........#####..
#.#..#.##.#
#.#.###.#.#
#.#..#.##.# ##
#.....###.###. .#
###...†.......


You could see an orc.

Vanquished Creatures
  3 adders
  A worm (D:2)
  7 bats
  2 giant cockroaches
  9 goblins
  2 hobgoblins (D:1)
  3 jackals (D:3)
  7 giant newts
  6 kobolds (D:1)
  10 rats
50 creatures vanquished.

Notes
Turn   | Place    | Note
--------------------------------------------------------------
     0 | D:1      | sscrono2 the Octopode Assassin began the quest for the Orb.
     0 | D:1      | Reached XP level 1. HP: 14/14 MP: 1/1
   238 | D:1      | Reached XP level 2. HP: 10/19 MP: 2/2
   523 | D:1      | Reached skill level 6 in Stealth
   867 | D:1      | Reached XP level 3. HP: 18/24 MP: 3/3
  1683 | D:2      | Found an iron altar of Okawaru.
  1766 | D:2      | Reached XP level 4. HP: 18/29 MP: 4/4
  2496 | D:3      | Slain by an orc

Vault maps used:
D:1:      dpeg_arrival_lava_temple_mockup, minmay_rat_gold_closets
D:2:      overflow_temple_1_default
D:3:      nicolae_qazlal_style_of_elements, hangedman_glass_teeth,
          uniq_crazy_yiuf_cottage

Action                   |  1- 3 |  4- 6 || total
-------------------------+-------+-------++-------
Melee: Dagger            |    71 |    26 ||    97
  Use: Scroll            |       |     4 ||     4
 Stab: Sleeping          |    19 |     4 ||    23
  Eat: Beef jerky        |     1 |       ||     1
       Bread ration      |       |     2 ||     2
